 Dungeon Crawl Stone Soup version 0.31.0-12-g77e489cdc1 (webtiles) character file.

Game seed: 14073705626181742186

146 mujulu the Chopper (level 5, 0/12 (45) HPs)
             Began as a Hill Orc Reaver on Feb 26, 2024.
             Incinerated by a bombardier beetle (4 damage)
             ... with a burning spray
             ... on level 3 of the Dungeon.
             The game lasted 00:29:25 (2894 turns).

mujulu the Chopper (Hill Orc Reaver)                Turns: 2894, Time: 00:29:26

HP:   0/12 (45)     AC:  8    Str: 15    XL:     5   Next: 28%
MP:   8/8           EV:  9    Int: 21    God:
Gold: 123           SH:  0    Dex:  9    Spells: 7/8 levels left

rFire   . . .        a - +1 hand axe
rCold   . . .        (no shield)
rNeg    . . .        k - +1 scale mail
rPois   .            (no helmet)
rElec   .            (no cloak)
rCorr   .            (no gloves)
SInv    .            m - +0 pair of boots
Will    .....        t - amulet of magic regeneration Stlth
                     o - +6 ring of intelligence
HPRegen 0.22/turn    (no ring)
MPRegen 0.51/turn

%: no passive effects
@: on fire, glowing, extremely drained
A: no striking features
a: no special abilities


You were on level 3 of the Dungeon.
You visited 1 branch of the dungeon, and saw 3 of its levels.

You collected 123 gold pieces.

Inventory:

Hand Weapons
 a - a +1 hand axe (weapon)
 c - a +0 short sword
 l - a +0 short sword
Missiles
 f - 7 poisoned darts (quivered)
 h - 21 stones
Armour
 b - a +0 leather armour
 j - a +0 robe
 k - a +1 scale mail (worn)
 m - a +0 pair of boots (worn)
 s - the +0 leather armour of the Known World {*Corrode +Blink rPois SInv}
   (You found it on level 2 of the Dungeon)

   rPois:     It protects you from poison SInv: It lets you see invisible.
   +Blink:    It lets you blink.
   *Corrode:  It may corrode you when you take damage.
Jewellery
 o - a +6 ring of intelligence (left hand)
 t - an amulet of magic regeneration (around neck)
Scrolls
 e - a scroll of amnesia
 g - a scroll of identify {unknown}
 i - a scroll of teleportation
Potions
 n - a potion of lignification {unknown}


   Skills:
 - Level 3.3 Fighting
 + Level 5.4 Axes
 - Level 1.9 Dodging
 + Level 2.1 Spellcasting
 + Level 4.0 Conjurations


You had 7 spell levels left.
You knew the following spells:

 Your Spells              Type           Power      Damage    Failure   Level
a - Kiss of Death         Conj/Necr      40%        2d8       26%         1

Your spell library contained the following spells:

 Spells                   Type           Power      Damage    Failure   Level
 Foxfire                  Conj/Fire      40%        2x1d6     26%         1
 Momentum Strike          Conj/Tloc      20%        3d8       38%         2
 Hailstorm                Conj/Ice       10%        3d6       63%         3
 Ensorcelled Hibernation  Hex/Ice        4%         N/A       67%         2
 Passwall                 Erth           2%         N/A       88%         3
 Swiftness                Air            2%         N/A       88%         3
 Plasma Beam              Fire/Air       1%         2x1d11    100%        6
 Starburst                Conj/Fire      5%         6d4       100%        6


Dungeon Overview and Level Annotations

Branches:
Dungeon (3/15)

Altars:


Message History

The bombardier beetle is severely wounded.
You hit the bombardier beetle but do no damage.
The bombardier beetle is severely wounded.
The bombardier beetle bites you but does no damage.
You hit the bombardier beetle but do no damage.
The bombardier beetle is severely wounded.
You closely miss the bombardier beetle.
The bombardier beetle is severely wounded.
The bombardier beetle bites you but does no damage.
Your magical contamination has completely faded away.
You hit the bombardier beetle but do no damage.
The bombardier beetle is severely wounded.
The bombardier beetle bites you but does no damage.
You hit the bombardier beetle but do no damage.
The bombardier beetle is severely wounded.
You hit the bombardier beetle.
The bombardier beetle is almost dead.
The bombardier beetle sprays incendiary fluid at you.
The burning spray hits you.
You are covered in liquid fire!
You barely miss the bombardier beetle.
The bombardier beetle is almost dead.
The liquid fire burns you!
You barely miss the bombardier beetle.
The bombardier beetle is almost dead.
The liquid fire burns you!
* * * LOW HITPOINT WARNING * * *
The bombardier beetle barely misses you.
You feel much better. The liquid fire burns you!
Ouch! That really hurt!
The bombardier beetle closely misses you.
You hit the bombardier beetle but do no damage.
The bombardier beetle is almost dead.
The liquid fire burns you!
* * * LOW HITPOINT WARNING * * *
You hit the bombardier beetle.
You kill the bombardier beetle!
The liquid fire burns you!
You die...

## ##########.## ♣.
#.......>.#.####
♣..####...............
♣...†@...#######....##
♣.#####.## #.##..#...
#.# #.#....## ..#
#..#.## #>.. ##.#.#
#.## # #..#.# #.
.#.#.#.. #. #.##.#.#
#.##.#.#


There were no monsters in sight!

Vanquished Creatures
  A bombardier beetle (D:3)
  4 gnolls (D:2)
  5 adders
  3 dart slugs
  7 endoplasms
  2 giant cockroaches
  5 goblins
  A hobgoblin (D:3)
  4 jackals (D:2)
  6 kobolds
  3 quokkas
  A ball python (D:1)
  4 bats
  4 frilled lizards
  9 rats
59 creatures vanquished.

Notes
Turn   | Place    | Note
-------+----------+-------------------------------------------
     0 | D:1      | mujulu the Hill Orc Reaver began the quest for the Orb.
     0 | D:1      | Reached XP level 1. HP: 18/18 MP: 3/3
   317 | D:1      | Reached XP level 2. HP: 22/25 MP: 4/4
  1104 | D:1      | You fall into a shaft and drop 1 floor!
  1260 | D:2      | Reached XP level 3. HP: 27/30 MP: 5/5
  1410 | D:2      | HP: 1/30 [jackal (3)]
  1414 | D:2      | Reached XP level 4. HP: 2/37 MP: 6/6
  1708 | D:2      | Reached skill level 5 in Axes
  1980 | D:2      | Reached XP level 5. HP: 23/24 MP: 5/7
  2093 | D:2      | Identified the +0 leather armour of the Known World
                  | {*Corrode +Blink rPois SInv}
  2455 | D:1      | Found a faded altar of an unknown god.
  2894 | D:3      | Incinerated by a bombardier beetle

Illustrated notes

Levels and vault maps discovered:
D:1:      amcnicky_arrival_single_pillar, layout_loops_ring,
          ebering_ecumenical_altar_sacrificial, dreamdust_princess_bridge
D:2:      layout_basic
D:3:      layout_loops_ring, nicolae_yredelemnul_corpse_copse,
          chequers_serial_rivers_small_3, uniq_jessica

Skill      XL: |  1  2  3  4  5 |
---------------+----------------+-----
Fighting       | 3 |  3.3
Axes           | 5 |  5.4
Spellcasting   | 2 |  2.1
Conjurations   | 4 |  4.0
Dodging        | |  1.9

Action                     |  1- 3 |  4- 6 || total
---------------------------+-------+-------++-------
  Melee: Hand axe          |    98 |    97 ||   195
         Punch             |     1 |     1 ||     2
  Throw: Dart              |     3 |     7 ||    10
   Cast: Kiss of Death     |       |     6 ||     6
    Use: Scroll            |       |     5 ||     5
         Potion            |       |     4 ||     4
 Armour: Leather armour    |    32 |       ||    32
         Scale mail        |    60 |    56 ||   116
         Skin              |     3 |       ||     3
  Dodge: Dodged            |    53 |    52 ||   105
